 Dungeon Crawl Stone Soup version 0.18-a0-1285-g60d00e1 (webtiles) character file.

34909 kae the Tortoise (level 13, -2/116 HPs)
             Began as a Minotaur Fighter on Feb 8, 2016.
             Was a High Priest of Makhleb.
             Killed from afar by a lindwurm (34 damage)
             ... with a blast of flame
             ... on level 7 of the Lair of Beasts.
             The game lasted 00:31:52 (16013 turns).

kae the Tortoise (Minotaur Fighter)                Turns: 16013, Time: 00:31:52

Health: -2/116     AC: 16    Str: 22    XL:     13   Next: 44%
Magic:  18/18      EV:  8    Int: 12    God:    Makhleb [*****.]
Gold:   880        SH:  9    Dex: 13    Spells: 0 memorised, 12 levels left

rFire  . . .     SeeInvis .     f - +2 scimitar (flame)
rCold  + . .     Gourm    .     b - +0 scale mail
rNeg   . . .     Faith    .     c - +0 shield
rPois  .         Spirit   .     (helmet restricted)
rElec  .         Dismiss  .     I - +2 cloak
rCorr  .         Reflect  .     k - +1 pair of gloves
SustAt .         Harm     .     (no boots)
MR     .....                    (no amulet)
Stlth  ..........               m - +6 ring of intelligence
                                K - ring of protection from cold

@: not resistant to hostile enchantments, extremely unstealthy
A: retaliatory headbutt, horns 2
a: Minor Destruction, Lesser Servant of Makhleb, Major Destruction, Greater
Servant of Makhleb, Renounce Religion


You were on level 7 of the Lair of Beasts.
You worshipped Makhleb.
Makhleb was extremely pleased with you.
You were not hungry.

You visited 2 branches of the dungeon, and saw 16 of its levels.
You also visited: Volcano.

You collected 880 gold pieces.

Inventory:

Hand Weapons
 f - a +2 scimitar of flaming (weapon)
Armour
 b - a +0 scale mail (worn)
 c - a +0 shield (worn)
 k - a +1 pair of gloves (worn)
 I - a +2 cloak (worn)
Jewellery
 m - a +6 ring of intelligence (right hand)
 K - a ring of protection from cold (left hand)
 U - an uncursed ring of ice
Wands
 e - a wand of lightning (0/15)
 o - a wand of flame (28/48)
 t - a wand of polymorph (10/24)
 v - a wand of acid (7/15)
 y - a wand of iceblast (7/15)
 C - a wand of flame (29/48)
 D - a wand of paralysis (13/24)
 E - a wand of polymorph (14/24)
 H - a wand of digging (12/24)
 L - a wand of lightning (12/15)
 N - a wand of iceblast (5/15)
 O - a wand of iceblast (8/15)
 S - a wand of teleportation (3/9)
 T - a wand of paralysis (7/24)
 V - a wand of polymorph (12/24)
 W - a wand of polymorph (13/24)
Scrolls
 d - a scroll of magic mapping
 h - 7 scrolls of amnesia
 j - 4 scrolls of identify
 n - 6 scrolls of remove curse
 r - 5 scrolls of teleportation
 s - a scroll of immolation
 x - 4 scrolls of enchant armour
 z - 4 scrolls of enchant weapon
 B - a scroll of silence
Potions
 a - a potion of mutation
 g - 9 potions of curing
 q - a potion of magic
 u - a potion of invisibility
 w - 2 potions of heal wounds
 A - 2 potions of might
 F - 2 potions of berserk rage
 G - 2 potions of flight
 P - a potion of haste
 R - a potion of resistance {unknown}
Books
 p - a book of Minor Magic

   Spells                             Type                      Level
   a - Magic Dart                     Conjuration                  1
   b - Blink                          Translocation                2
   c - Call Imp                       Summoning                    2
   d - Repel Missiles                 Charms/Air                   2
   e - Slow                           Hexes                        2
   f - Conjure Flame                  Conjuration/Fire             3
   g - Mephitic Cloud                 Conjuration/Poison/Air       3
 M - a book of Geomancy

   Spells                             Type                      Level
   a - Sandblast                      Earth                        1
   b - Passwall                       Transmutation/Earth          2
   c - Stone Arrow                    Conjuration/Earth            3
   d - Petrify                        Transmutation/Earth          4
   e - Lee's Rapid Deconstruction     Earth                        5
Comestibles
 i - 3 bread rations
 l - 3 meat rations
 J - a beef jerky
 Q - a slice of pizza


   Skills:
 - Level 11.0 Fighting
 + Level 16.1 Long Blades
 - Level 16.4 Armour
 - Level 3.6 Shields
 - Level 8.1 Invocations


You had 12 spell levels left.
You didn't know any spells.

Dungeon Overview and Level Annotations

Branches:
Dungeon (8/15)             Temple (0/1) D:5            Lair (8/8) D:8
  Swamp (0/4) Lair:3        Snake (0/4) Lair:4        Slime (0/6) Lair:8

Altars:
Gozag
Kikubaaqudgha
Makhleb
Okawaru
Pakellas
Qazlal
Trog
Xom
Yredelemnul
Zin
The Shining One
Beogh

Shops:
D:4 }


Innate Abilities, Weirdness & Mutations

You reflexively headbutt those who attack you in melee.
You have a pair of horns on your head.


Message History

The lindwurm bites the plant but does no damage.
The lindwurm claws the plant. x2
The lindwurm breathes flames at you.
The blast of flame hits the bush.
The bush is on fire!
The blast of flame hits you!
* * * LOW HITPOINT WARNING * * *
The lindwurm bites the plant.
The lindwurm claws the plant but does no damage. x2
The bush is engulfed in roaring flames.
The bush is destroyed!
The lindwurm breathes flames at you. The blast of flame hits you!
* * * LOW HITPOINT WARNING * * *
You see here a yak corpse.
Drink which item? (? for menu, Esc to quit)
You feel much better.
The lindwurm is engulfed in roaring flames.
The lindwurm breathes flames at you. The blast of flame hits you!
You die...

##...................
##.#...#............
#P...#.###.<.Y......
#....###..P......... ###.#.#
##....Y...... #...###
#.#..Y...... #(...###
####..YY.... ##..##.# #....Y..#.
#...@†## #.##.#...# #..Pk##
#######.#. #...## #### #P..# ###
######.## #
#^#######.##...####### #
....#.##..#....P..##.## #########
#..........#.(...#....###...#.##.
..........>.......÷..............


You could see a lindwurm.

Vanquished Creatures
  Snorg (Lair:4)
  5 hydras
  3 death yaks
  A lindwurm (Lair:5)
  The ghost of Duffy the Cleaver, a novice DDGl (D:6)
  3 griffons
  3 elephants
  6 black mambas
  11 spiny frogs
  A fire drake (Lair:6)
  9 komodo dragons
  A troll (D:7)
  A polar bear (Lair:7)
  22 blink frogs
  Sigmund (D:5)
  16 yaks
  A wyvern (D:7)
  A basilisk (Lair:6)
  A steam dragon (Lair:4)
  6 hippogriffs
  A hungry ghost (D:8)
  Menkaure (D:4)
  3 nagas (Lair:4)
  6 wolves
  13 water moccasins
  Duvessa (D:4)
  8 porcupines
  An orc warrior (D:7)
  A sky beast (D:7)
  2 black bears (Lair:6)
  3 phantoms
  An ogre (D:4)
  12 crocodiles
  A centaur (D:6)
  13 giant frogs
  Dowan (D:4)
  3 scorpions (D:7)
  2 killer bees (D:8)
  A jelly (D:7)
  An electric eel (Lair:6)
  5 crimson imps
  5 orc priests
  2 hounds (D:4)
  2 giant frog skeletons
  3 orc wizards
  4 iguanas
  Crazy Yiuf (D:7)
  Terence (D:2)
  A worker ant (D:6)
  Natasha (thrice) (D:2)
  5 sheep
  2 hound skeletons
  3 gnolls (D:4)
  A worker ant zombie (D:7)
  5 adders
  26 river rats
  3 shadow imps
  2 adder skeletons
  A worm (D:3)
  4 giant geckos
  28 orcs
  5 ball pythons
  2 bats
  4 giant cockroaches
  6 goblins
  9 hobgoblins
  3 kobolds
  2 quokkas
  4 giant newts
  10 rats
  A fungus (Lair:6)
322 creatures vanquished.

Vanquished Creatures (collateral kills)
  Erica (Lair:1)
  2 elephants (Lair:4)
  A toenail golem (Volcano)
  A spiny frog (Lair:4)
  A black mamba (Lair:4)
  2 komodo dragons (Lair:3)
  A blink frog (Lair:4)
  8 yaks
  A water moccasin (Lair:1)
  An orc warrior (D:8)
  A crocodile (D:8)
  A giant frog (Lair:4)
  An orc priest (D:8)
  An orc (D:8)
23 creatures vanquished.

Vanquished Creatures (others)
  A bush (Lair:7)
  10 fungi
  9 plants
20 creatures vanquished.

Grand Total: 365 creatures vanquished

Notes
Turn   | Place    | Note
--------------------------------------------------------------
     0 | D:1      | kae the Minotaur Fighter began the quest for the Orb.
     0 | D:1      | Reached XP level 1. HP: 19/19 MP: 0/0
   203 | D:1      | Reached XP level 2. HP: 26/26 MP: 1/1
   671 | D:2      | Noticed Natasha
   676 | D:2      | Killed Natasha
   676 | D:2      | Reached skill level 4 in Long Blades
   676 | D:2      | Reached XP level 3. HP: 22/31 MP: 2/2
   810 | D:2      | Noticed Natasha
   816 | D:2      | Killed Natasha
   816 | D:2      | Reached skill level 5 in Long Blades
   819 | D:2      | Found a glowing silver altar of Zin.
   844 | D:2      | Reached XP level 4. HP: 39/39 MP: 3/3
   852 | D:2      | Noticed Terence
   857 | D:2      | Killed Terence
  1172 | D:2      | Noticed Natasha
  1178 | D:2      | Reached skill level 6 in Long Blades
  1181 | D:2      | Killed Natasha
  1181 | D:2      | Reached XP level 5. HP: 30/45 MP: 4/4
  1255 | D:2      | Found a shimmering altar of Xom.
  1299 | D:2      | Found a burning altar of Makhleb.
  1311 | D:2      | Became a worshipper of Makhleb the Destroyer
  1426 | D:2      | Found a faded altar to an unknown god.
  1567 | D:3      | Found a glowing golden altar of the Shining One.
  1704 | D:3      | Reached skill level 7 in Long Blades
  1791 | D:3      | Found a stormy altar of Qazlal.
  1791 | D:3      | Noticed an air elemental
  1793 | D:3      | Noticed a water elemental
  1793 | D:3      | Noticed a fire elemental
  1934 | D:3      | Found an opulent altar of Gozag.
  1934 | D:3      | Found an iron altar of Okawaru.
  2066 | D:3      | Found an oddly glowing altar of Pakellas.
  2411 | D:3      | Found a roughly hewn altar of Beogh.
  2424 | D:3      | Reached * piety under Makhleb
  2428 | D:3      | Reached XP level 6. HP: 51/51 MP: 5/5
  2490 | D:4      | Reached skill level 8 in Long Blades
  2509 | D:4      | Noticed Dowan
  2514 | D:4      | Noticed Duvessa
  2526 | D:4      | Killed Duvessa
  2531 | D:4      | Killed Dowan
  2531 | D:4      | Reached skill level 9 in Long Blades
  2531 | D:4      | Reached XP level 7. HP: 45/57 MP: 6/6
  2602 | D:4      | Found Aceqiaje's Gadget Emporium.
  2645 | D:4      | Found a bloodstained altar of Trog.
  2670 | D:4      | Reached skill level 10 in Long Blades
  2874 | D:5      | Entered Level 5 of the Dungeon
  3087 | D:5      | Noticed Menkaure
  3095 | D:4      | Killed Menkaure
  3242 | D:5      | Reached ** piety under Makhleb
  3249 | D:5      | Reached skill level 11 in Long Blades
  3249 | D:5      | Reached XP level 8. HP: 56/64 MP: 7/7
  3369 | D:5      | Found a staircase to the Ecumenical Temple.
  3512 | D:5      | Noticed Sigmund
  3526 | D:5      | Killed Sigmund
  3526 | D:5      | Reached skill level 12 in Long Blades
  3821 | D:6      | Found a basalt altar of Yredelemnul.
  4036 | D:6      | Noticed Duffy's ghost (novice DDGl)
  4047 | D:6      | Killed Duffy's ghost
  4047 | D:6      | Reached skill level 13 in Long Blades
  4047 | D:6      | Reached XP level 9. HP: 61/70 MP: 8/8
  4058 | D:6      | Found an ancient bone altar of Kikubaaqudgha.
  4301 | D:7      | Reached skill level 14 in Long Blades
  4341 | D:7      | Noticed a troll
  4345 | D:7      | Killed a troll
  4861 | D:7      | Noticed Crazy Yiuf
  4869 | D:7      | Killed Crazy Yiuf
  4877 | D:7      | Reached *** piety under Makhleb
  5280 | D:8      | Reached skill level 5 in Invocations
  5300 | D:8      | Noticed an elephant
  5392 | D:7      | Killed an elephant
  5691 | D:8      | Found a staircase to the Lair.
  6170 | D:8      | Reached XP level 10. HP: 77/77 MP: 14/14
  6219 | Lair:1   | Entered Level 1 of the Lair of Beasts
  6337 | Lair:1   | Noticed a black mamba
  6358 | Lair:1   | Killed a black mamba
  6724 | Lair:1   | Noticed Erica
  6736 | Lair:1   | Killed Erica
  6736 | Lair:1   | Reached skill level 5 in Fighting
  7004 | Lair:1   | HP: 1/86 [komodo dragon (20)]
  7234 | Lair:1   | Noticed a spiny frog
  7250 | Lair:1   | Killed a spiny frog
  7492 | Lair:1   | Noticed a spiny frog
  7498 | Lair:1   | Killed a spiny frog
  7629 | Lair:1   | Noticed a spiny frog
  7635 | Lair:1   | Reached skill level 10 in Fighting
  7643 | Lair:1   | Killed a spiny frog
  7892 | Lair:2   | Found a dark tunnel.
  8037 | Volcano  | Entered a volcano
  8058 | Volcano  | Noticed a toenail golem
  8058 | Volcano  | Noticed a hell knight
  8086 | Volcano  | Killed a toenail golem
  8417 | Lair:2   | Reached XP level 11. HP: 97/102 MP: 16/16
  8854 | Lair:2   | Reached skill level 5 in Armour
  9843 | Lair:3   | Found a staircase to the Swamp.
 10161 | Lair:3   | Reached **** piety under Makhleb
 10297 | Lair:3   | Reached skill level 10 in Armour
 10547 | Lair:4   | Noticed Snorg
 10639 | Lair:4   | Killed Snorg
 11146 | Lair:3   | Reached XP level 12. HP: 36/110 MP: 17/17
 11608 | Lair:4   | Found a staircase to the Snake Pit.
 12027 | Lair:4   | Noticed an eight-headed hydra
 12034 | Lair:4   | Killed a five-headed hydra
 12791 | Lair:5   | Reached skill level 15 in Armour
 13476 | Lair:6   | Noticed an eight-headed hydra
 13499 | Lair:6   | Killed a three-headed hydra
 13831 | Lair:6   | Reached skill level 16 in Armour
 13902 | Lair:6   | Found a glowing golden altar of the Shining One.
 14227 | Lair:6   | Reached XP level 13. HP: 103/116 MP: 18/18
 14228 | Lair:6   | Reached ***** piety under Makhleb
 14874 | Lair:6   | Reached skill level 15 in Long Blades
 15581 | Lair:7   | You fall through a shaft!
 15581 | Lair:8   | Entered Level 8 of the Lair of Beasts
 16013 | Lair:7   | Killed from afar by a lindwurm

Vault maps used:
D:1:      lightli_arrival_farm
D:2:      overflow_temple_1_default, old_standard_altar, makhleb_grotto_becter,
          ecumenical_altar_2, uniq_terence, uniq_natasha
D:3:      nicolae_qazlal_style_of_elements, overflow_temple_1_default,
          old_standard_altar, gammafunk_temple_overflow_elements,
          kennysheep_orc_chapel
D:4:      lightli_temple_of_fire, serial_shops, shop, uniq_duvessa
D:5:      minmay_temple_entry_overgrown, first_bread, hangedman_glass_garden,
          lemuel_old_faithful, uniq_menkaure, uniq_sigmund
D:6:      kiku_gazebo_pond_becter, lemuel_round_altar
D:7:      uniq_crazy_yiuf_cottage
D:8:      david_lair_generic
Lair:1:   minivault_11, uniq_erica
Lair:2:   lightli_volcano_entry_magma_tube, minmay_holes
Lair:3:   swamp_mist
Lair:4:   guppyfry_snake_entry_garden, beast_lair_carwin_10, uniq_snorg
Lair:6:   basic_altar, wad_woods_river_01
Lair:7:   fungi_pond_lemuel
Lair:8:   hangedman_lair_caniforms_friends, guppyfry_lair_end_dragon,
          slime_altar_1
Volcano:  volcano_pools

Action                   |  1- 3 |  4- 6 |  7- 9 | 10-12 | 13-15 || total
-------------------------+-------+-------+-------+-------+-------++-------
Melee: Long sword        |    47 |   129 |   277 |    48 |       ||   501
       Scimitar          |       |       |       |   561 |   221 ||   782
Invok: Minor Destruction |       |       |    11 |    15 |    11 ||    37
       Lesser Servant of |       |       |     2 |    22 |     1 ||    25
Evoke: Wand              |       |       |     5 |     1 |       ||     6
  Use: Potion            |       |     4 |     1 |     6 |     1 ||    12
       Scroll            |       |     7 |    10 |     6 |     1 ||    24
 Stab: Distracted        |       |       |       |     1 |       ||     1
  Eat: Chunk             |       |     5 |    14 |    26 |     6 ||    51
       Royal jelly       |       |       |       |     1 |       ||     1
